 Dungeon Crawl Stone Soup version 0.28.0-53-g5a82cb258f (webtiles) character file.

Game seed: 16689585612845796033

631 CryoSword the Conjurer (level 7, -7/57 HPs)
             Began as a Black Draconian Conjurer on June 1, 2022.
             Was an Initiate of Ashenzari.
             Shot with an arrow by a centaur (10 damage)
             ... on level 7 of the Dungeon.
             The game lasted 00:08:28 (5016 turns).

CryoSword the Conjurer (Black Draconian Conjurer)   Turns: 5016, Time: 00:08:28

Health: -7/57      AC:  7    Str: 11    XL:     7   Next: 24%
Magic:  4/10       EV: 12    Int: 19    God:    Ashenzari [......]
Gold:   113        SH:  0    Dex:  9    Spells: 2/11 levels left

rFire   . . .      SeeInvis +   o - +1 mace (drain)
rCold   . . .      Faith    .   (no shield)
rNeg    . . .      Spirit   .   (armour unavailable)
rPois   .          Reflect  .   (helmet restricted)
rElec   +          Harm     .   n - +0 cloak
rCorr   .          Rampage  .   (no gloves)
Will    +....                   (no boots)
Stlth   ++........              c - amulet of regeneration
HPRegen 0.99/turn               t - ring of willpower
MPRegen 0.12/turn               s - ring of see invisible

@: no status effects
A: breathe lightning, AC +6, unfitting armour, electricity resistance,
cold-blooded
a: Breathe Lightning, Renounce Religion


You were on level 7 of the Dungeon.
You worshipped Ashenzari.
Ashenzari was noncommittal.
You visited 1 branch of the dungeon, and saw 7 of its levels.

You collected 113 gold pieces.

Inventory:

Hand Weapons
 i - a +3 short sword
   (You took it off an orc on level 3 of the Dungeon)
 o - a +1 mace of draining (weapon)
   (You found it on level 3 of the Dungeon)
Missiles
 d - 11 poisoned darts (quivered)
 f - 3 boomerangs
Armour
 n - a +0 cloak (worn)
   (You took it off Crazy Yiuf on level 3 of the Dungeon)
Jewellery
 c - an amulet of regeneration (around neck)
   (You found it on level 1 of the Dungeon)
 q - a ring of resist corrosion
   (You found it on level 4 of the Dungeon)
 s - a ring of see invisible (right hand)
   (You found it on level 4 of the Dungeon)
 t - a ring of willpower (left hand)
   (You found it on level 4 of the Dungeon)
Scrolls
 a - 2 scrolls of teleportation {@r4}
 e - a scroll of magic mapping {unknown}
 m - a scroll of acquirement {unknown}
 r - 2 scrolls of noise {unknown}
 w - 2 scrolls of identify {@r1}
Potions
 b - a potion of cancellation {unknown}
 g - a potion of degeneration {unknown}
 h - a potion of curing {unknown}
 j - a potion of magic
 k - a potion of brilliance
 l - a potion of mutation {unknown}
 p - a potion of haste {unknown}
 u - a potion of resistance {unknown}
 v - a potion of flight {unknown}


   Skills:
 - Level 3.0 Fighting
 - Level 2.2 Short Blades
 * Level 4.4 Maces & Flails
 - Level 1.7 Dodging
 - Level 1.7 Stealth
 - Level 2.5 Spellcasting
 + Level 5.2 Conjurations
 * Level 2.6 Translocations
 + Level 0.8 Air Magic


You had 2 spell levels left.
You knew the following spells:

 Your Spells              Type           Power      Damage    Failure   Level
a - Magic Dart            Conj           88%        1d7       1%          1
b - Searing Ray           Conj           44%        2d6       2%          2
c - Iskenderun's Mystic   Conj/Tloc      17%        2d5       32%         4
B - Blink                 Tloc           24%        N/A       9%          2

Your spell library contained the following spells:

 Spells                   Type           Power      Damage    Failure   Level
 Apportation              Tloc           24%        N/A       5%          1
 Animate Skeleton         Necr           4%         N/A       16%         1
 Pain                     Necr           8%         1d4       16%         1
 Summon Small Mammal      Summ           8%         N/A       16%         1
 Dazzling Flash           Conj/Hex       24%        N/A       16%         3
 Lesser Beckoning         Tloc           12%        N/A       16%         3
 Fulminant Prism          Conj/Hex       6%         3d7       47%         4
 Manifold Assault         Tloc           12%        N/A       83%         5
 Agony                    Necr           2%         N/A       99%         5
 Excruciating Wounds      Necr           1%         N/A       99%         5


Dungeon Overview and Level Annotations

Branches:
Dungeon (8/15)
 Temple: D:4-7         Lair: D:8-11

Altars:
Ashenzari
Cheibriados

Annotations:
D:8 Prince Ribbit


Innate Abilities, Weirdness & Mutations

You can breathe wild blasts of lightning.
Your glossy black scales are hard. (AC +6)
You cannot fit into any form of body armour.
You are resistant to electric shocks. (rElec)
You are cold-blooded and may be slowed by cold attacks.


Message History

A sourceless malevolence fills the Dungeon...
You fall into a shaft and drop 3 floors!
The shaft crumbles and collapses.
Found a stone staircase leading down.
Found a fizzy inky potion.
v - a fizzy inky potion An orc comes into view.
It is wielding a +0 vampiric short sword. 2 orc wizards come into view.
Found a brass wand.
The helpless orc wizard fails to defend itself.
You sock the orc wizard!
The orc wizard hits you but does no damage.
You hit the orc wizard. You drain the orc wizard.
You kill the orc wizard!
The orc hits you with a +0 vampiric short sword.
You hit the orc but do no damage. You drain the orc. The orc barely misses you.
You hit the orc.
You kill the orc!
An orc comes into view. It is wielding a +0 club.
The orc shouts!
The orc wizard shouts!
Things that are here:
a +0 dagger; a +0 robe You hit the orc wizard.
The orc wizard hits you but does no damage.
The orc barely misses you.
The orc wizard hits you but does no damage.
The orc misses you.
You miss the orc wizard. You tail-slap the orc wizard.
The orc wizard closely misses you. The orc barely misses you.
You barely miss the orc wizard.
The orc wizard hits you but does no damage.
The orc hits you but does no damage.
You sock the orc wizard! You drain the orc wizard.
You kill the orc wizard!
The orc misses you. The orc hits you with a +0 club.
Things that are here:
a +0 dagger; a +0 robe The orc misses you.
You closely miss the orc.
Your tail-slap misses the orc.
The orc closely misses you.
You barely miss the orc.
Your tail-slap misses the orc.
The orc hits you but does no damage. The orc closely misses you.
You hit the orc. The orc hits you but does no damage.
You barely miss the orc. The orc hits you with a +0 club.
You hit the orc.
You kill the orc!
You see here a +0 club.
Found 20 stones.
Found a ring mail.
Found a scroll of identify.
w - a scroll of identify {@r1}
Found a stone staircase leading up.
Prince Ribbit comes into view.
Found a moonstone ring.
There is a stone staircase leading up here.
You climb upwards.
Found a scroll of identify, a scale mail and a scroll labelled QIDDICI MEXT.
There is a stone staircase leading down here.
w - 2 scrolls of identify {@r1} (gained 1)
There are no items here.
A howler monkey skeleton comes into view.
You thump the howler monkey skeleton! The howler monkey skeleton hits you.
You completely miss the howler monkey skeleton.
The howler monkey skeleton hits you.
You hit the howler monkey skeleton.
The howler monkey skeleton barely misses you.
You barely miss the howler monkey skeleton.
Your tail-slap misses the howler monkey skeleton.
The howler monkey skeleton barely misses you.
You hit the howler monkey skeleton. The howler monkey skeleton hits you.
You sock the howler monkey skeleton!
The howler monkey skeleton hits you but does no damage.
The howler monkey skeleton hits you.
You hit the howler monkey skeleton.
You tail-slap the howler monkey skeleton.
You destroy the howler monkey skeleton!
Found a stone staircase leading down.
There is a stone staircase leading down here.
Found a whip.
Found a club.
Found a stone staircase leading up.
A white imp comes into view.
The white imp shouts!
A centaur comes into view.
The centaur shouts!
The white imp closely misses you.
You closely miss the white imp. The centaur closely misses you.
The centaur barely misses you. The white imp closely misses you.
The centaur closely misses you. The centaur completely misses you.
Activating: Breathe Lightning (5% risk of failure)
You breathe a wild blast of lightning!
You hear a mighty clap of thunder! x3; You hear a shout! x4
You hear an angry hiss.
You hear a shout!
You hear an angry hiss.
You hear an angry buzzing noise.
You hear a howl!
The centaur hits you.
The centaur kicks you but does no damage.
The white imp gestures at you. The puff of frost hits you.
The centaur hits you but does no damage.
The centaur kicks you but does no damage.
You hit the white imp.
The white imp hits you but does no damage.
The centaur closely misses you. The centaur kicks you.
You hit the white imp. The centaur barely misses you.
The centaur kicks you but does no damage.
The white imp gestures at you. The puff of frost hits you!
The centaur hits you but does no damage.
The centaur kicks you but does no damage.
The white imp closely misses you.
You barely miss the white imp. The centaur hits you.
The centaur closely misses you.
The centaur hits you but does no damage.
The centaur misses you. The white imp misses you.
Aim: a centaur, quivering arrows (87% to hit)
The searing ray hits the centaur. (Press . to maintain the ray.)
You have got your breath back.
The centaur hits you. The centaur kicks you. The white imp gestures at you.
The puff of frost hits you.
The searing ray hits the centaur but does no damage.
The centaur hits you. The centaur barely misses you. The centaur hits you.
* * * LOW HITPOINT WARNING * * *
The centaur kicks you but does no damage.
The white imp barely misses you.
The searing ray hits the centaur.
The centaur closely misses you. The centaur barely misses you.
The white imp closely misses you.
The centaur wields a +0 shortbow.
The centaur shoots an arrow.
The arrow hits you!
* * * LOW HITPOINT WARNING * * *
The white imp hits you but does no damage.
The centaur shoots an arrow.
The arrow hits you!
* * * LOW HITPOINT WARNING * * *
The white imp shouts, "Escape, thou loggerheaded hasty-witted slime mould!"
Aim: a centaur, wielding a +0 shortbow and quivering arrows (moderately wounded, 100% to hit)
Okay, then.
Okay, then.
Aim: a centaur, wielding a +0 shortbow and quivering arrows (moderately wounded, 87% to hit)
The searing ray hits the white imp.
The searing ray hits the centaur. (Press . to maintain the ray.)
The white imp hits you but does no damage.
The searing ray hits the white imp!
You kill the white imp!
The searing ray hits the centaur.
The centaur shoots an arrow.
The arrow hits you!
* * * LOW HITPOINT WARNING * * *
The centaur shoots an arrow.
The arrow hits you!
You die...

###### #.# #.#.......#
...... #.####.#.......###
......####......#..........
......#.........#..........
................#..........
. .#......#................
...#......+)...........####
.........##............####
........c.@................
##.......#+####....####.###
#.##...... #..........# #
#....<.... #)#+#####..##
............... #......#
#.............#..##......#
#.............#..........#
#.............+..........#
.#....###..##


You could see a centaur.

Vanquished Creatures
  A necrophage (D:4)
  An ogre (D:4)
  An orc priest (D:3)
  Crazy Yiuf (D:3)
  A jelly (D:4)
  A centaur skeleton (D:4)
  An iguana (D:3)
  Natasha (D:4)
  4 orc wizards
  A howler monkey skeleton (D:7)
  5 adders
  4 gnolls (D:3)
  A white imp (D:7)
  A worm (D:3)
  A dart slug (D:4)
  9 orcs
  5 ball pythons
  6 bats
  3 endoplasms
  4 giant cockroaches
  9 hobgoblins
  2 jackals (D:4)
  2 quokkas
  2 frilled lizards
  5 goblins
  8 kobolds
  5 rats
85 creatures vanquished.

Vanquished Creatures (others)
  An orc wizard (D:4)
  A fungus (D:4)
2 creatures vanquished.

Grand Total: 87 creatures vanquished

Notes
Turn   | Place    | Note
-------+----------+-------------------------------------------
     0 | D:1      | CryoSword the Draconian Conjurer began the quest for the
                  | Orb.
     0 | D:1      | Reached XP level 1. HP: 14/14 MP: 3/3
   322 | D:1      | Reached skill level 1 in Fighting
   384 | D:1      | Reached XP level 2. HP: 23/23 MP: 1/5
   569 | D:1      | Learned a level 2 spell: Searing Ray
  1379 | D:2      | Reached XP level 3. HP: 29/29 MP: 2/6
  1472 | D:2      | Reached skill level 1 in Short Blades
  2135 | D:2      | Learned a level 2 spell: Blink
  2350 | D:3      | Reached XP level 4. HP: 32/36 MP: 0/7
  2542 | D:3      | Reached skill level 1 in Translocations
  2542 | D:3      | Reached XP level 5. HP: 42/42 MP: 3/8
  2959 | D:3      | Found a snail-covered altar of Cheibriados.
  2985 | D:3      | Found a runed translucent door.
  2986 | D:3      | Noticed Crazy Yiuf
  2999 | D:3      | Killed Crazy Yiuf
  3000 | D:3      | Reached skill level 5 in Conjurations
  3397 | D:3      | Reached skill level 1 in Maces & Flails
  3666 | D:4      | Reached XP level 6. HP: 47/51 MP: 4/9
  4279 | D:4      | Learned a level 4 spell: Iskenderun's Mystic Blast
  4376 | D:4      | Your scales start taking on a glossy black colour.
  4376 | D:4      | Reached XP level 7. HP: 52/57 MP: 1/10
  4376 | D:4      | Gained mutation: You are resistant to electric shocks.
                  | (rElec) [Black Draconian growth]
  4670 | D:4      | Found a broken altar of Ashenzari.
  4674 | D:4      | Saw a vision of the Swamp and the Snake Pit.
  4674 | D:4      | Noticed a naga warrior
  4674 | D:4      | Noticed a will-o-the-wisp
  4674 | D:4      | Noticed a black mamba
  4674 | D:4      | Noticed a black mamba
  4674 | D:4      | Noticed a naga mage
  4678 | D:4      | Became a worshipper of Ashenzari the Shackled
  4693 | D:4      | Noticed Natasha
  4698 | D:4      | Killed Natasha
  4786 | D:5      | Entered Level 5 of the Dungeon
  4821 | D:5      | You fall into a shaft and drop 3 floors!
  4927 | D:8      | Noticed Prince Ribbit
  5016 | D:7      | Shot with an arrow by a centaur

Illustrated notes

Levels and vault maps discovered:
D:1:      ncdulo_smallfort, layout_basic
D:2:      layout_basic
D:3:      layout_loops_ring, cheibriados_altar_1, uniq_crazy_yiuf_cottage
D:4:      layout_loops_corners, grunt_ashenzari_visionary
          [grunt_ashenzari_visionary_swamp, grunt_ashenzari_visionary_snake],
          uniq_natasha
D:5:      layout_basic, nemelex_spade_bored_becter, gammafunk_ghost_icy,
          gup_sewer_entry_bowl, uniq_edmund
D:7:      cheibrodos_steamvent, layout_basic, nicolae_overflow_hidden_temple,
          minmay_temple_entry_antechambers, hangedman_decor_riveting,
          uniq_duvessa, uniq_menkaure, uniq_harold
D:8:      layout_loops_ring, mainiacjoe_overflow_alcove_4, kennysheep_mini_moat,
          uniq_prince_ribbit1, uniq_maurice

Skill      XL: |  1  2  3  4  5  6 |
---------------+-------------------+-----
Fighting       | 1 2 3 |  3.0
Short Blades   | 1 2 |  2.2
Translocations | 1 2 |  2.6
Conjurations   | 5 |  5.2
Maces & Flails | 1 4 |  4.4
Dodging        | |  1.7
Stealth        | |  1.7
Spellcasting   | |  2.5
Air Magic      | |  0.8

Action                   |  1- 3 |  4- 6 |  7- 9 || total
-------------------------+-------+-------+-------++-------
Melee: Unarmed           |    21 |       |       ||    21
       Dagger            |    15 |       |       ||    15
       Tailslap          |     6 |     6 |     2 ||    14
       Short sword       |    58 |    13 |       ||    71
       Mace              |       |    16 |    26 ||    42
 Cast: Magic Dart        |    36 |       |       ||    36
       Searing Ray       |     9 |    27 |     3 ||    39
 Abil: Breathe Lightning |       |       |     3 ||     3
  Use: Scroll            |     2 |     1 |       ||     3
 Stab: Sleeping          |     3 |     2 |     1 ||     6
Armor: Skin              |    36 |    22 |    21 ||    79
Dodge: Dodged            |    84 |    32 |    36 ||   152
